WCHLSIM.com - West Coast Hockey League
html PUBLIC "-//W3C//DTD XHTML 1.0 Transitional//EN" "http://www.w3.org/TR/xhtml1/DTD/xhtml1-transitional.dtd"> WCHL - Game 165 - SAN DIEGO THUNDER vs VICTORIA GLADIATORS

SAN DIEGO THUNDER vs VICTORIA GLADIATORS

Created - 26 octobre 2019 at 13:18

Goals
1 2 3 T
SAN DIEGO THUNDER 0 0 2 2
VICTORIA GLADIATORS 1 0 0 1
Shots
1 2 3 T
SAN DIEGO THUNDER 10 11 7 28
VICTORIA GLADIATORS 1 10 8 19

1st period

1. VICTORIA GLADIATORS , Marcus Foligno 3 (Frans Nielsen 4, Alex Iafallo 4) at 3:08

Penalties :
Evander Kane (SDG) for Interference (Minor) at 0:34, Alexander Edler (SDG) for Hooking (Minor) at 10:50, Marcus Foligno (VIC) for Hooking (Minor) at 17:14

2nd period

No Goal

Penalties :
Torey Krug (VIC) for Hooking (Minor) at 0:51, Matt Benning (SDG) for Tripping (Minor) at 8:01, Torey Krug (VIC) for Roughing (Minor) at 15:59

3rd period

2. SAN DIEGO THUNDER , Mikael Granlund 4 (Alexander Edler 8, Evander Kane 5) at 1:38
3. SAN DIEGO THUNDER , Nikita Kucherov 6 (Bo Horvat 7, David Perron 3) at 3:37

Penalties :
Matt Benning (SDG) for Slashing (Minor) at 4:04, Nikita Kucherov (SDG) for Cross-checking (Minor) at 9:27

Goalie Stats

Laurent Brossoit (SDG), 18 saves from 19 shots - (0,947), W, 1-0-0, 60:00 minutes
Jack Campbell (VIC), 26 saves from 28 shots - (0,929), L, 0-7-0, 59:05 minutes

Players Stats for SAN DIEGO THUNDER

Player Name              G  A  P  +/- PIM S  H  SB GA TA FO     MP     PP MP  PK MP  
------------------------------------------------------------------------------------
Alexander Edler          0  1  1   2  2   3  1  2  0  0  0/0    24:13   3:15   4:09 
Bo Horvat                0  1  1   1  0   2  0  0  0  0  16/25  20:05   3:52   0:23 
Charles McAvoy           0  0  0   2  0   0  1  1  0  0  0/0    24:06   3:15   4:15 
Christian Fischer        0  0  0   0  0   0  0  0  0  0  1/2     2:53   0:00   0:00 
Connor Murphy            0  0  0   0  0   0  0  0  0  0  0/0    15:36   0:00   1:09 
David Perron             0  1  1   1  0   5  1  0  0  0  0/0    19:42   3:52   0:00 
Dominik Kahun            0  0  0   0  0   0  0  0  0  0  0/0    11:07   0:00   1:12 
Evander Kane             0  1  1   0  2   1  4  0  0  0  0/1    22:17   2:05   4:43 
James Neal               0  0  0   0  0   0  0  0  0  0  0/0     2:16   0:00   0:00 
Jared McCann             0  0  0   0  0   2  0  0  0  0  0/0    13:45   0:00   3:50 
Jean-Gabriel Pageau      0  0  0   0  0   2  2  1  0  0  13/20  16:00   0:00   6:05 
Josh Anderson            0  0  0   0  0   2  2  0  0  0  1/1    17:12   2:05   0:00 
Josh Manson              0  0  0  -1  0   0  4  0  0  0  0/0    19:08   0:00   5:40 
Matt Benning             0  0  0  -1  4   0  3  0  0  0  0/0    13:52   2:42   0:05 
Mikael Granlund          1  0  1   0  0   2  0  1  0  0  8/20   17:49   2:05   0:00 
Nikita Kucherov          1  0  1   1  2   9  4  0  0  0  0/1    20:04   3:52   0:00 
Pierre-Edouard Bellemare 0  0  0   0  0   0  0  0  0  0  4/5     6:53   0:00   3:37 
Radko Gudas              0  0  0   0  0   0  3  0  0  0  0/0    23:02   2:42   4:32 

Players Stats for VICTORIA GLADIATORS

Player Name              G  A  P  +/- PIM S  H  SB GA TA FO     MP     PP MP  PK MP  
------------------------------------------------------------------------------------
Alex Iafallo             0  1  1   1  0   2  0  0  0  0  0/0    11:03   0:00   0:29 
Carl Soderberg           0  0  0  -1  0   2  1  0  0  0  10/27  20:22   5:30   0:00 
Colin Wilson             0  0  0  -1  0   0  1  0  0  0  0/1    16:31   4:25   0:00 
Dion Phaneuf             0  0  0  -2  0   1  0  1  0  0  0/0    21:23   4:21   2:48 
Frans Nielsen            0  1  1   1  0   2  0  0  0  0  4/9    10:37   0:00   0:03 
Jason Spezza             0  0  0   0  0   0  0  0  0  0  2/4     6:43   0:00   0:00 
Jonathan Ericsson        0  0  0   0  0   0  4  1  0  0  0/0    22:09   5:34   0:00 
Lars Eller               0  0  0  -1  0   1  1  0  0  0  11/24  19:22   4:25   2:51 
Marcus Foligno           1  0  1   1  2   2  1  2  0  0  0/0    12:30   0:00   1:57 
Matt Bartkowski          0  0  0  -2  0   0  0  0  0  0  0/0    21:56   4:21   2:51 
Mikkel Boedker           0  0  0  -1  0   1  1  0  0  0  0/0    16:31   4:25   0:00 
Nick Foligno             0  0  0  -1  0   6  2  0  0  0  0/0    21:02   5:30   0:40 
Patrick Maroon           0  0  0   0  0   0  1  0  0  0  1/1     6:36   0:00   0:00 
Riley Sheahan            0  0  0   0  0   0  0  0  0  0  4/7     9:42   0:00   3:06 
Ryan Stanton             0  0  0   1  0   0  2  0  0  0  0/0    15:55   0:00   3:06 
T.J. Brennan             0  0  0   1  0   0  1  0  0  0  0/0    15:55   0:00   3:06 
Torey Krug               0  0  0   0  4   2  0  0  0  0  0/0    22:30   5:34   0:00 
Zack Smith               0  0  0  -1  0   0  1  0  0  0  0/2    23:13   5:30   2:51 

3 Stars

1 - Nikita Kucherov (SDG)
2 - Mikael Granlund (SDG)
3 - Marcus Foligno (VIC)

Power Play

SAN DIEGO THUNDER - 0 on 3 Attempt(s) - 0,00%
VICTORIA GLADIATORS - 0 on 5 Attempt(s) - 0,00%

Penalty Kill

SAN DIEGO THUNDER - 5 on 5 Attempt(s) - 100,00% - Score 0 goal in Penalty Kill
VICTORIA GLADIATORS - 3 on 3 Attempt(s) - 100,00% - Score 0 goal in Penalty Kill

Team Stat

SAN DIEGO THUNDER - Hits : 25 - Faceoff Wins : 43 - Blocked Shots : 5 - Penalty Minutes : 10
VICTORIA GLADIATORS - Hits : 16 - Faceoff Wins : 32 - Blocked Shots : 4 - Penalty Minutes : 6

Official

Referees : Chris Brown and Chris Schlenker
Linesman : Michel Cormier and Greg McAlpine

Game Notes

No Game Note

Finance

Level 1 -- Attendance: 6300 (100,00%) -- Ticket Income 724 500 $
Level 2 -- Attendance: 5300 (100,00%) -- Ticket Income 371 000 $
Level 3 -- Attendance: 2200 (100,00%) -- Ticket Income 110 000 $
Level 4 -- Attendance: 4200 (100,00%) -- Ticket Income 126 000 $
Luxury Box -- Attendance: 1000 (100,00%) -- Ticket Income 240 000 $
Game was played at the Verizon Center.
Total Attendance: 19000 (100,00%)
Total Ticket Income: 1 571 500 $
Other Income: 471 450 $
Total Income: 2 042 950 $

SAN DIEGO THUNDER

5 vs 5 Forward 
   Center                   Left Wing                Right Wing               Time % Phy DF OF 
 1 Bo Horvat                David Perron             Nikita Kucherov          37     0   2  3  
 2 Mikael Granlund          Evander Kane             Josh Anderson            35     0   2  3  
 3 Jean-Gabriel Pageau      Jared McCann             Dominik Kahun            23     1   1  3  
 4 Christian Fischer        Pierre-Edouard Bellemare James Neal               5      0   4  1  

5 vs 5 Defense 
   Defense                  Defense                                           Time % Phy DF OF 
 1 Charles McAvoy           Alexander Edler                                   36     1   2  2  
 2 Connor Murphy            Radko Gudas                                       31     1   2  2  
 3 Josh Manson              Matt Benning                                      23     1   2  2  
 4 Josh Manson              Radko Gudas                                       10     1   2  2  

PowerPlay Forward 
   Center                   Left Wing                Right Wing               Time % Phy DF OF 
 1 Bo Horvat                David Perron             Nikita Kucherov          55     0   0  5  
 2 Mikael Granlund          Evander Kane             Josh Anderson            45     0   0  5  

PowerPlay Defense
   Defense                  Defense                                           Time % Phy DF OF 
 1 Alexander Edler          Charles McAvoy                                    55     1   2  2  
 2 Matt Benning             Radko Gudas                                       45     1   2  2  

Penalty Kill 4 Players Forward 
   Center                   Wing                     Time % Phy DF OF 
 1 Jean-Gabriel Pageau      Evander Kane             55     1   3  1  
 2 Pierre-Edouard Bellemare Jared McCann             45     1   3  1  

Penalty Kill 4 Players Defense
   Defense                  Defense                  Time % Phy DF OF 
 1 Alexander Edler          Josh Manson              55     1   2  2  
 2 Charles McAvoy           Radko Gudas              45     1   2  2  

Penalty Kill - 3 Players Forward 
   Forward                                           Time % Phy DF OF 
 1 Pierre-Edouard Bellemare                          55     1   2  2  
 2 Jean-Gabriel Pageau                               45     1   2  2  

Penalty Kill - 3 Players Defense
   Defense                  Defense                  Time % Phy DF OF 
 1 Alexander Edler          Josh Manson              55     1   2  2  
 2 Connor Murphy            Radko Gudas              45     1   2  2  

4 vs 4 Forward 
   Center                   Wing                     Time % Phy DF OF 
 1 Nikita Kucherov          Mikael Granlund          55     1   2  2  
 2 David Perron             Jared McCann             45     1   2  2  

4 vs 4 Defense
   Defense                  Defense                  Time % Phy DF OF 
 1 Connor Murphy            Josh Manson              55     1   2  2  
 2 Charles McAvoy           Radko Gudas              45     1   2  2  

Last Minutes Offensive
   Center                   Left Wing                Right Wing               Defense                  Defense                  
   Mikael Granlund          David Perron             Nikita Kucherov          Alexander Edler          Charles McAvoy           

Last Minutes Defensive
   Center                   Left Wing                Right Wing               Defense                  Defense                  
   Mikael Granlund          Pierre-Edouard Bellemare Nikita Kucherov          Alexander Edler          Josh Manson              

Goaltenders
Starting : Laurent Brossoit         
Backup : Connor Hellebuyck        

Extra Forwards
Normal : Nikita Kucherov, Evander Kane, Mikael Granlund - PP : Nikita Kucherov, Evander Kane - PK : Pierre-Edouard Bellemare
Extra Defensemen
Normal : Alexander Edler, Charles McAvoy, Josh Manson - PP : Alexander Edler - PK : Josh Manson, Radko Gudas
Penalty Shots
Nikita Kucherov, Mikael Granlund, David Perron, Evander Kane, Josh Anderson
Custom OT Lines Forwards
Nikita Kucherov, Mikael Granlund, Evander Kane, Bo Horvat, David Perron, Jared McCann, Josh Anderson, Dominik Kahun, Jean-Gabriel Pageau, Pierre-Edouard Bellemare
Custom OT Lines Defensemen
Alexander Edler, Charles McAvoy, Josh Manson, Radko Gudas, Connor Murphy

Scratches
None

VICTORIA GLADIATORS

5 vs 5 Forward 
   Center                   Left Wing                Right Wing               Time % Phy DF OF 
 1 Carl Soderberg           Zack Smith               Nick Foligno             36     1   2  2  
 2 Lars Eller               Colin Wilson             Mikkel Boedker           31     1   2  2  
 3 Frans Nielsen            Alex Iafallo             Marcus Foligno           23     1   2  2  
 4 Jason Spezza             Patrick Maroon           Riley Sheahan            10     1   2  2  

5 vs 5 Defense 
   Defense                  Defense                                           Time % Phy DF OF 
 1 Torey Krug               Jonathan Ericsson                                 36     1   2  2  
 2 Dion Phaneuf             Matt Bartkowski                                   32     1   2  2  
 3 Ryan Stanton             T.J. Brennan                                      24     1   2  2  
 4 Dion Phaneuf             Jonathan Ericsson                                 8      1   2  2  

PowerPlay Forward 
   Center                   Left Wing                Right Wing               Time % Phy DF OF 
 1 Carl Soderberg           Zack Smith               Nick Foligno             52     0   1  4  
 2 Lars Eller               Colin Wilson             Mikkel Boedker           48     0   1  4  

PowerPlay Defense
   Defense                  Defense                                           Time % Phy DF OF 
 1 Torey Krug               Jonathan Ericsson                                 52     1   2  2  
 2 Dion Phaneuf             Matt Bartkowski                                   48     1   2  2  

Penalty Kill 4 Players Forward 
   Center                   Wing                     Time % Phy DF OF 
 1 Lars Eller               Zack Smith               52     1   2  2  
 2 Riley Sheahan            Marcus Foligno           48     1   2  2  

Penalty Kill 4 Players Defense
   Defense                  Defense                  Time % Phy DF OF 
 1 Ryan Stanton             T.J. Brennan             52     1   2  2  
 2 Dion Phaneuf             Matt Bartkowski          48     1   2  2  

Penalty Kill - 3 Players Forward 
   Forward                                           Time % Phy DF OF 
 1 Carl Soderberg                                    52     1   2  2  
 2 Riley Sheahan                                     48     1   2  2  

Penalty Kill - 3 Players Defense
   Defense                  Defense                  Time % Phy DF OF 
 1 Torey Krug               Jonathan Ericsson        52     1   2  2  
 2 Ryan Stanton             T.J. Brennan             48     1   2  2  

4 vs 4 Forward 
   Center                   Wing                     Time % Phy DF OF 
 1 Frans Nielsen            Mikkel Boedker           52     1   2  2  
 2 Jason Spezza             Alex Iafallo             48     1   2  2  

4 vs 4 Defense
   Defense                  Defense                  Time % Phy DF OF 
 1 Dion Phaneuf             Matt Bartkowski          52     1   2  2  
 2 Ryan Stanton             T.J. Brennan             48     1   2  2  

Last Minutes Offensive
   Center                   Left Wing                Right Wing               Defense                  Defense                  
   Carl Soderberg           Zack Smith               Nick Foligno             Torey Krug               Jonathan Ericsson        

Last Minutes Defensive
   Center                   Left Wing                Right Wing               Defense                  Defense                  
   Lars Eller               Marcus Foligno           Mikkel Boedker           Dion Phaneuf             T.J. Brennan             

Goaltenders
Starting : Jack Campbell            
Backup : Aaron Dell               

Extra Forwards
Normal : Patrick Maroon, Zack Smith, Marcus Foligno - PP : Patrick Maroon, Riley Sheahan - PK : Nick Foligno
Extra Defensemen
Normal : Ryan Stanton, Matt Bartkowski, Jonathan Ericsson - PP : Ryan Stanton - PK : Jonathan Ericsson, T.J. Brennan
Penalty Shots
Carl Soderberg, Lars Eller, Nick Foligno, Frans Nielsen, Zack Smith
Custom OT Lines Forwards
Carl Soderberg, Lars Eller, Nick Foligno, Frans Nielsen, Zack Smith, Jason Spezza, Mikkel Boedker, Colin Wilson, Alex Iafallo, Patrick Maroon
Custom OT Lines Defensemen
Torey Krug, Jonathan Ericsson, Dion Phaneuf, T.J. Brennan, Ryan Stanton

Scratches
Henri Jokiharju (Healthy), Michael Downing (Healthy), Matt Moulson (Healthy)

% Time on Ice - SAN DIEGO THUNDER

Lines # - Real PCT - Wanted PCT - Time Play
Normal Forward
1 - 37% - 37% - 15:50
2 - 35% - 35% - 15:07
3 - 23% - 23% - 9:55
4 - 5% - 5% - 2:16
Normal Defense
1 - 38% - 36% - 16:13
2 - 34% - 31% - 14:27
3 - 26% - 23% - 11:07
4 - 3% - 10% - 1:21
PP Forward
1 - 65% - 55% - 3:52
2 - 35% - 45% - 2:05
PP Defense
1 - 55% - 55% - 3:15
2 - 45% - 45% - 2:42
PK Forward
1 - 61% - 55% - 6:05
2 - 39% - 45% - 3:50
PK Defense
1 - 59% - 55% - 5:54
2 - 41% - 45% - 4:01
PK3 Forward
1 - 0% - 55%
2 - 0% - 45%
PK3 Defense
1 - 0% - 55%
2 - 0% - 45%
44 Forward
1 - 0% - 55%
2 - 0% - 45%
44 Defense
1 - 0% - 55%
2 - 0% - 45%
Last Minute Offensive  - 0:00
Last Minute Defensive  - 1:00
Total
Forward - 60:00
Defense - 60:00

% Time on Ice - VICTORIA GLADIATORS

Lines # - Real PCT - Wanted PCT - Time Play
Normal Forward
1 - 33% - 36% - 14:16
2 - 28% - 31% - 12:06
3 - 24% - 23% - 10:34
4 - 15% - 10% - 6:36
Normal Defense
1 - 38% - 36% - 16:35
2 - 32% - 32% - 14:08
3 - 29% - 24% - 12:49
4 - 0% - 8% - 0:00
PP Forward
1 - 55% - 52% - 5:30
2 - 45% - 48% - 4:25
PP Defense
1 - 56% - 52% - 5:34
2 - 44% - 48% - 4:21
PK Forward
1 - 48% - 52% - 2:51
2 - 52% - 48% - 3:06
PK Defense
1 - 52% - 52% - 3:06
2 - 48% - 48% - 2:51
PK3 Forward
1 - 0% - 52%
2 - 0% - 48%
PK3 Defense
1 - 0% - 52%
2 - 0% - 48%
44 Forward
1 - 0% - 52%
2 - 0% - 48%
44 Defense
1 - 0% - 52%
2 - 0% - 48%
Last Minute Offensive  - 0:36
Last Minute Defensive  - 0:00
Total
Forward - 60:00
Defense - 60:00

Play-by-Play

1st period


0:01 of 1st period - Carl Soderberg wins face-off versus Bo Horvat in neutral zone.
0:04 of 1st period - Shot by Nick Foligno.
0:04 of 1st period - Shot Blocked by Charles McAvoy.
0:32 of 1st period - Shot by Nikita Kucherov.
0:32 of 1st period - Stopped by Jack Campbell without a rebound.
0:33 of 1st period - Lars Eller wins face-off versus Mikael Granlund in VICTORIA GLADIATORS zone.
0:33 of 1st period - Lars Eller is hit by Josh Anderson.
0:34 of 1st period - Minor Penalty to Evander Kane for Interference.
0:35 of 1st period - Jean-Gabriel Pageau wins face-off versus Lars Eller in SAN DIEGO THUNDER zone.
1:28 of 1st period - Radko Gudas is hit by Nick Foligno.
1:52 of 1st period - Icing by Jonathan Ericsson.
1:53 of 1st period - Jean-Gabriel Pageau wins face-off versus Carl Soderberg in VICTORIA GLADIATORS zone.
2:34 of 1st period - Dion Phaneuf is hit by Josh Anderson and loses puck.
2:55 of 1st period - Marcus Foligno is hit by Josh Manson and loses puck.
3:02 of 1st period - Shot by Marcus Foligno.
3:02 of 1st period - Shot Misses the Net.
3:04 of 1st period - Shot by Marcus Foligno.
3:04 of 1st period - Shot Misses the Net.
3:06 of 1st period - Shot by Alex Iafallo.
3:06 of 1st period - Deflect By Frans Nielsen.
3:06 of 1st period - Shot Misses the Net.
3:08 of 1st period - Shot by Marcus Foligno.
3:08 of 1st period - Goal by Marcus Foligno - SAN DIEGO THUNDER : 0 - VICTORIA GLADIATORS : 1.
3:09 of 1st period - Bo Horvat wins face-off versus Lars Eller in neutral zone.
3:18 of 1st period - Shot by Nikita Kucherov.
3:18 of 1st period - Stopped by Jack Campbell without a rebound.
3:19 of 1st period - Bo Horvat wins face-off versus Jason Spezza in VICTORIA GLADIATORS zone.
3:27 of 1st period - Bo Horvat is hit by Jonathan Ericsson.
4:33 of 1st period - Shot by Jean-Gabriel Pageau.
4:33 of 1st period - Stopped by Jack Campbell without a rebound.
4:34 of 1st period - Mikael Granlund wins face-off versus Carl Soderberg in VICTORIA GLADIATORS zone.
5:13 of 1st period - Shot by Mikael Granlund.
5:13 of 1st period - Shot Misses the Net.
5:17 of 1st period - Shot by Mikael Granlund.
5:17 of 1st period - Stopped by Jack Campbell without a rebound.
5:18 of 1st period - Jean-Gabriel Pageau wins face-off versus Lars Eller in VICTORIA GLADIATORS zone.
6:06 of 1st period - Icing by Mikkel Boedker.
6:07 of 1st period - Lars Eller wins face-off versus Mikael Granlund in VICTORIA GLADIATORS zone.
6:18 of 1st period - Shot by Mikael Granlund.
6:18 of 1st period - Deflect By Josh Anderson.
6:18 of 1st period - Shot Misses the Net.
6:27 of 1st period - Icing by Colin Wilson.
6:28 of 1st period - Bo Horvat wins face-off versus Lars Eller in VICTORIA GLADIATORS zone.
6:53 of 1st period - Connor Murphy is hit by Lars Eller.
9:31 of 1st period - Shot by David Perron.
9:31 of 1st period - Shot Misses the Net.
9:39 of 1st period - Shot by Bo Horvat.
9:39 of 1st period - Shot Misses the Net.
10:21 of 1st period - Shot by Pierre-Edouard Bellemare.
10:21 of 1st period - Shot Misses the Net.
10:50 of 1st period - Minor Penalty to Alexander Edler for Hooking.
10:51 of 1st period - Jean-Gabriel Pageau wins face-off versus Carl Soderberg in SAN DIEGO THUNDER zone.
12:26 of 1st period - Icing by Colin Wilson.
12:27 of 1st period - Bo Horvat wins face-off versus Lars Eller in VICTORIA GLADIATORS zone.
12:55 of 1st period - Icing by Alexander Edler.
12:56 of 1st period - Bo Horvat wins face-off versus Jason Spezza in SAN DIEGO THUNDER zone.
12:56 of 1st period - Bo Horvat is hit by Patrick Maroon.
13:09 of 1st period - Shot by Nikita Kucherov.
13:09 of 1st period - Stopped by Jack Campbell without a rebound.
13:10 of 1st period - Carl Soderberg wins face-off versus Mikael Granlund in VICTORIA GLADIATORS zone.
13:10 of 1st period - Carl Soderberg is hit by Evander Kane.
13:21 of 1st period - Icing by Charles McAvoy.
13:22 of 1st period - Patrick Maroon wins face-off versus Mikael Granlund in SAN DIEGO THUNDER zone.
14:50 of 1st period - Shot by Jared McCann.
14:50 of 1st period - Stopped by Jack Campbell without a rebound.
14:51 of 1st period - Carl Soderberg wins face-off versus Bo Horvat in VICTORIA GLADIATORS zone.
14:51 of 1st period - Carl Soderberg is hit by Nikita Kucherov.
15:07 of 1st period - Shot by Bo Horvat.
15:07 of 1st period - Shot Misses the Net.
15:09 of 1st period - Shot by Matt Benning.
15:09 of 1st period - Shot Misses the Net.
15:11 of 1st period - Shot by Josh Manson.
15:11 of 1st period - Shot Blocked by Jonathan Ericsson.
15:23 of 1st period - Shot by Nikita Kucherov.
15:23 of 1st period - Shot Misses the Net.
15:25 of 1st period - Shot by Nikita Kucherov.
15:25 of 1st period - Shot Misses the Net.
15:27 of 1st period - Shot by Josh Manson.
15:27 of 1st period - Shot Misses the Net.
15:31 of 1st period - Shot by Nikita Kucherov.
15:31 of 1st period - Stopped by Jack Campbell with a rebound.
16:38 of 1st period - Colin Wilson is hit by Radko Gudas and loses puck.
16:49 of 1st period - Lars Eller is hit by Jean-Gabriel Pageau and loses puck.
17:14 of 1st period - Minor Penalty to Marcus Foligno for Hooking.
17:15 of 1st period - Bo Horvat wins face-off versus Riley Sheahan in VICTORIA GLADIATORS zone.
17:35 of 1st period - Icing by David Perron.
17:36 of 1st period - Lars Eller wins face-off versus Bo Horvat in SAN DIEGO THUNDER zone.
17:59 of 1st period - Shot by David Perron.
17:59 of 1st period - Stopped by Jack Campbell without a rebound.
18:00 of 1st period - Riley Sheahan wins face-off versus Evander Kane in VICTORIA GLADIATORS zone.
18:19 of 1st period - Lars Eller is hit by Evander Kane and loses puck.
18:32 of 1st period - Shot by Josh Anderson.
18:32 of 1st period - Stopped by Jack Campbell without a rebound.
18:33 of 1st period - Riley Sheahan wins face-off versus Bo Horvat in VICTORIA GLADIATORS zone.
18:58 of 1st period - Shot by Nikita Kucherov.
18:58 of 1st period - Stopped by Jack Campbell without a rebound.
18:59 of 1st period - Lars Eller wins face-off versus Mikael Granlund in VICTORIA GLADIATORS zone.
19:49 of 1st period - Icing by Torey Krug.
19:50 of 1st period - Bo Horvat wins face-off versus Frans Nielsen in VICTORIA GLADIATORS zone.
Goals for this period are 0 for SAN DIEGO THUNDER vs 1 for VICTORIA GLADIATORS.
Shots for this period are 10 for SAN DIEGO THUNDER vs 1 for VICTORIA GLADIATORS.

2nd period


0:01 of 2nd period - Bo Horvat wins face-off versus Carl Soderberg in neutral zone.
0:01 of 2nd period - Bo Horvat is hit by Nick Foligno.
0:13 of 2nd period - Shot by David Perron.
0:13 of 2nd period - Stopped by Jack Campbell without a rebound.
0:14 of 2nd period - Mikael Granlund wins face-off versus Lars Eller in VICTORIA GLADIATORS zone.
0:51 of 2nd period - Minor Penalty to Torey Krug for Hooking.
0:52 of 2nd period - Riley Sheahan wins face-off versus Bo Horvat in VICTORIA GLADIATORS zone.
0:52 of 2nd period - Riley Sheahan is hit by David Perron.
2:01 of 2nd period - Shot by Alexander Edler.
2:01 of 2nd period - Stopped by Jack Campbell without a rebound.
2:02 of 2nd period - Lars Eller wins face-off versus Mikael Granlund in VICTORIA GLADIATORS zone.
2:02 of 2nd period - Lars Eller is hit by Evander Kane.
2:16 of 2nd period - Shot by Alexander Edler.
2:16 of 2nd period - Stopped by Jack Campbell without a rebound.
2:17 of 2nd period - Lars Eller wins face-off versus Bo Horvat in VICTORIA GLADIATORS zone.
2:27 of 2nd period - Icing by Nikita Kucherov.
2:28 of 2nd period - Bo Horvat wins face-off versus Riley Sheahan in SAN DIEGO THUNDER zone.
2:28 of 2nd period - Bo Horvat is hit by Marcus Foligno.
2:38 of 2nd period - Shot by David Perron.
2:38 of 2nd period - Shot Misses the Net.
3:04 of 2nd period - Shot by Carl Soderberg.
3:04 of 2nd period - Deflect By Nick Foligno.
3:04 of 2nd period - Shot Hit the Post.
4:27 of 2nd period - Off-side.
4:28 of 2nd period - Frans Nielsen wins face-off versus Jean-Gabriel Pageau in neutral zone.
4:41 of 2nd period - Shot by Marcus Foligno.
4:41 of 2nd period - Stopped by Laurent Brossoit without a rebound.
4:42 of 2nd period - Jason Spezza wins face-off versus Nikita Kucherov in SAN DIEGO THUNDER zone.
4:52 of 2nd period - Riley Sheahan is hit by Josh Manson and loses puck.
5:09 of 2nd period - Nikita Kucherov is hit by T.J. Brennan and loses puck.
5:18 of 2nd period - Shot by Nikita Kucherov.
5:18 of 2nd period - Stopped by Jack Campbell with a rebound.
5:20 of 2nd period - Shot by Nikita Kucherov.
5:20 of 2nd period - Stopped by Jack Campbell with a rebound.
5:50 of 2nd period - Shot by Zack Smith.
5:50 of 2nd period - Shot Misses the Net.
5:52 of 2nd period - Shot by Carl Soderberg.
5:52 of 2nd period - Shot Blocked by Alexander Edler.
5:58 of 2nd period - Shot by Nick Foligno.
5:58 of 2nd period - Stopped by Laurent Brossoit without a rebound.
5:59 of 2nd period - Mikael Granlund wins face-off versus Lars Eller in SAN DIEGO THUNDER zone.
6:28 of 2nd period - Shot by Lars Eller.
6:28 of 2nd period - Shot Misses the Net.
7:05 of 2nd period - Shot by Carl Soderberg.
7:05 of 2nd period - Deflect By Nick Foligno.
7:05 of 2nd period - Stopped by Laurent Brossoit without a rebound.
7:06 of 2nd period - Bo Horvat wins face-off versus Frans Nielsen in SAN DIEGO THUNDER zone.
7:54 of 2nd period - Shot by Nick Foligno.
7:54 of 2nd period - Stopped by Laurent Brossoit without a rebound.
7:55 of 2nd period - Jean-Gabriel Pageau wins face-off versus Carl Soderberg in SAN DIEGO THUNDER zone.
8:01 of 2nd period - Minor Penalty to Matt Benning for Tripping.
8:02 of 2nd period - Carl Soderberg wins face-off versus Jean-Gabriel Pageau in SAN DIEGO THUNDER zone.
8:41 of 2nd period - Shot by Torey Krug.
8:41 of 2nd period - Stopped by Laurent Brossoit with a rebound.
9:22 of 2nd period - Shot by Colin Wilson.
9:22 of 2nd period - Shot Blocked by Jean-Gabriel Pageau.
9:24 of 2nd period - Shot by Lars Eller.
9:24 of 2nd period - Stopped by Laurent Brossoit without a rebound.
9:25 of 2nd period - Jean-Gabriel Pageau wins face-off versus Zack Smith in SAN DIEGO THUNDER zone.
9:48 of 2nd period - Icing by Carl Soderberg.
9:49 of 2nd period - Pierre-Edouard Bellemare wins face-off versus Carl Soderberg in VICTORIA GLADIATORS zone.
10:30 of 2nd period - Shot by Bo Horvat.
10:30 of 2nd period - Stopped by Jack Campbell with a rebound.
10:32 of 2nd period - Shot by Bo Horvat.
10:32 of 2nd period - Deflect By Nikita Kucherov.
10:32 of 2nd period - Shot Misses the Net.
10:34 of 2nd period - Shot by Nikita Kucherov.
10:34 of 2nd period - Shot Misses the Net.
11:17 of 2nd period - Alex Iafallo is hit by Radko Gudas and loses puck.
11:24 of 2nd period - Dion Phaneuf is hit by Nikita Kucherov and loses puck.
11:50 of 2nd period - Off-side.
11:51 of 2nd period - Jean-Gabriel Pageau wins face-off versus Carl Soderberg in neutral zone.
12:03 of 2nd period - Jean-Gabriel Pageau is hit by Jonathan Ericsson.
12:08 of 2nd period - Icing by Torey Krug.
12:09 of 2nd period - Mikael Granlund wins face-off versus Carl Soderberg in VICTORIA GLADIATORS zone.
12:09 of 2nd period - Mikael Granlund is hit by Jonathan Ericsson.
12:47 of 2nd period - Evander Kane is hit by Jonathan Ericsson and loses puck.
13:31 of 2nd period - Shot by Jean-Gabriel Pageau.
13:31 of 2nd period - Stopped by Jack Campbell without a rebound.
13:32 of 2nd period - Bo Horvat wins face-off versus Frans Nielsen in VICTORIA GLADIATORS zone.
14:33 of 2nd period - Shot by Riley Sheahan.
14:33 of 2nd period - Shot Misses the Net.
15:22 of 2nd period - Off-side.
15:23 of 2nd period - Carl Soderberg wins face-off versus Mikael Granlund in neutral zone.
15:59 of 2nd period - Minor Penalty to Torey Krug for Roughing.
16:00 of 2nd period - Bo Horvat wins face-off versus Lars Eller in VICTORIA GLADIATORS zone.
16:09 of 2nd period - Shot by Bo Horvat.
16:09 of 2nd period - Shot Misses the Net.
17:23 of 2nd period - Shot by Josh Anderson.
17:23 of 2nd period - Stopped by Jack Campbell without a rebound.
17:24 of 2nd period - Bo Horvat wins face-off versus Riley Sheahan in VICTORIA GLADIATORS zone.
17:27 of 2nd period - Shot by David Perron.
17:27 of 2nd period - Stopped by Jack Campbell without a rebound.
17:28 of 2nd period - Riley Sheahan wins face-off versus Bo Horvat in VICTORIA GLADIATORS zone.
17:51 of 2nd period - Shot by Alexander Edler.
17:51 of 2nd period - Shot Misses the Net.
17:53 of 2nd period - Shot by Alexander Edler.
17:53 of 2nd period - Shot Blocked by Marcus Foligno.
17:55 of 2nd period - Shot by Alexander Edler.
17:55 of 2nd period - Stopped by Jack Campbell without a rebound.
17:56 of 2nd period - Mikael Granlund wins face-off versus Lars Eller in VICTORIA GLADIATORS zone.
18:50 of 2nd period - Shot by Frans Nielsen.
18:50 of 2nd period - Stopped by Laurent Brossoit with a rebound.
19:00 of 2nd period - Shot by Alex Iafallo.
19:00 of 2nd period - Stopped by Laurent Brossoit without a rebound.
19:01 of 2nd period - Bo Horvat wins face-off versus Carl Soderberg in SAN DIEGO THUNDER zone.
19:40 of 2nd period - Shot by David Perron.
19:40 of 2nd period - Stopped by Jack Campbell without a rebound.
19:41 of 2nd period - Frans Nielsen wins face-off versus Mikael Granlund in VICTORIA GLADIATORS zone.
19:41 of 2nd period - Frans Nielsen is hit by Evander Kane.
19:49 of 2nd period - Shot by Alex Iafallo.
19:49 of 2nd period - Stopped by Laurent Brossoit without a rebound.
19:50 of 2nd period - Lars Eller wins face-off versus Mikael Granlund in SAN DIEGO THUNDER zone.
19:51 of 2nd period - Shot by Mikkel Boedker.
19:51 of 2nd period - Stopped by Laurent Brossoit without a rebound.
19:52 of 2nd period - Lars Eller wins face-off versus Mikael Granlund in SAN DIEGO THUNDER zone.
Goals for this period are 0 for SAN DIEGO THUNDER vs 0 for VICTORIA GLADIATORS.
Shots for this period are 11 for SAN DIEGO THUNDER vs 10 for VICTORIA GLADIATORS.

3rd period


0:01 of 3rd period - Bo Horvat wins face-off versus Carl Soderberg in neutral zone.
0:01 of 3rd period - Nikita Kucherov is hit by Carl Soderberg.
0:03 of 3rd period - Shot by Bo Horvat.
0:03 of 3rd period - Shot Misses the Net.
0:05 of 3rd period - Shot by Josh Manson.
0:05 of 3rd period - Shot Misses the Net.
0:28 of 3rd period - Carl Soderberg is hit by Nikita Kucherov and loses puck.
1:06 of 3rd period - Off-side.
1:07 of 3rd period - Frans Nielsen wins face-off versus Mikael Granlund in neutral zone.
1:13 of 3rd period - Off-side.
1:14 of 3rd period - Mikael Granlund wins face-off versus Lars Eller in neutral zone.
1:24 of 3rd period - Shot by Mikkel Boedker.
1:24 of 3rd period - Shot Blocked by Mikael Granlund.
1:38 of 3rd period - Shot by Mikael Granlund.
1:38 of 3rd period - Goal by Mikael Granlund - SAN DIEGO THUNDER : 1 - VICTORIA GLADIATORS : 1.
1:39 of 3rd period - Jean-Gabriel Pageau wins face-off versus Frans Nielsen in neutral zone.
1:46 of 3rd period - Shot by Jean-Gabriel Pageau.
1:46 of 3rd period - Shot Misses the Net.
2:25 of 3rd period - Off-side.
2:26 of 3rd period - Josh Anderson wins face-off versus Carl Soderberg in neutral zone.
2:43 of 3rd period - Shot by Mikael Granlund.
2:43 of 3rd period - Shot Misses the Net.
3:37 of 3rd period - Shot by Nikita Kucherov.
3:37 of 3rd period - Goal by Nikita Kucherov - SAN DIEGO THUNDER : 2 - VICTORIA GLADIATORS : 1.
3:38 of 3rd period - Lars Eller wins face-off versus Jean-Gabriel Pageau in neutral zone.
3:40 of 3rd period - Torey Krug is hit by Matt Benning and loses puck.
3:56 of 3rd period - Colin Wilson is hit by Josh Manson and loses puck.
4:00 of 3rd period - Lars Eller is hit by Matt Benning and loses puck.
4:04 of 3rd period - Minor Penalty to Matt Benning for Slashing.
4:05 of 3rd period - Lars Eller wins face-off versus Jean-Gabriel Pageau in SAN DIEGO THUNDER zone.
4:20 of 3rd period - Shot by Torey Krug.
4:20 of 3rd period - Stopped by Laurent Brossoit without a rebound.
4:21 of 3rd period - Carl Soderberg wins face-off versus Jean-Gabriel Pageau in SAN DIEGO THUNDER zone.
4:32 of 3rd period - Shot by Carl Soderberg.
4:32 of 3rd period - Shot Misses the Net.
4:34 of 3rd period - Shot by Carl Soderberg.
4:34 of 3rd period - Stopped by Laurent Brossoit with a rebound.
4:36 of 3rd period - Shot by Carl Soderberg.
4:36 of 3rd period - Deflect By Nick Foligno.
4:36 of 3rd period - Stopped by Laurent Brossoit without a rebound.
4:37 of 3rd period - Pierre-Edouard Bellemare wins face-off versus Lars Eller in SAN DIEGO THUNDER zone.
4:57 of 3rd period - Icing by Lars Eller.
4:58 of 3rd period - Jean-Gabriel Pageau wins face-off versus Lars Eller in VICTORIA GLADIATORS zone.
6:22 of 3rd period - Nikita Kucherov is hit by Ryan Stanton and loses puck.
7:35 of 3rd period - Icing by Charles McAvoy.
7:36 of 3rd period - Christian Fischer wins face-off versus Carl Soderberg in SAN DIEGO THUNDER zone.
7:36 of 3rd period - Christian Fischer is hit by Zack Smith.
7:41 of 3rd period - Icing by Pierre-Edouard Bellemare.
7:42 of 3rd period - Carl Soderberg wins face-off versus Christian Fischer in SAN DIEGO THUNDER zone.
7:42 of 3rd period - Nick Foligno is hit by Alexander Edler and loses puck.
8:20 of 3rd period - Nick Foligno is hit by Matt Benning and loses puck.
9:27 of 3rd period - Minor Penalty to Nikita Kucherov for Cross-checking.
9:28 of 3rd period - Carl Soderberg wins face-off versus Jean-Gabriel Pageau in SAN DIEGO THUNDER zone.
9:35 of 3rd period - Shot by Carl Soderberg.
9:35 of 3rd period - Shot Blocked by Alexander Edler.
9:37 of 3rd period - Shot by Carl Soderberg.
9:37 of 3rd period - Stopped by Laurent Brossoit with a rebound.
9:39 of 3rd period - Shot by Dion Phaneuf.
9:39 of 3rd period - Stopped by Laurent Brossoit without a rebound.
9:40 of 3rd period - Jean-Gabriel Pageau wins face-off versus Carl Soderberg in SAN DIEGO THUNDER zone.
9:59 of 3rd period - Shot by Pierre-Edouard Bellemare.
9:59 of 3rd period - Deflect By Jared McCann.
9:59 of 3rd period - Stopped by Jack Campbell without a rebound.
10:00 of 3rd period - Jean-Gabriel Pageau wins face-off versus Colin Wilson in VICTORIA GLADIATORS zone.
10:20 of 3rd period - Lars Eller is hit by Radko Gudas.
10:43 of 3rd period - Icing by Carl Soderberg.
10:44 of 3rd period - Pierre-Edouard Bellemare wins face-off versus Carl Soderberg in VICTORIA GLADIATORS zone.
11:12 of 3rd period - Shot by Nick Foligno.
11:12 of 3rd period - Stopped by Laurent Brossoit without a rebound.
11:13 of 3rd period - Pierre-Edouard Bellemare wins face-off versus Lars Eller in SAN DIEGO THUNDER zone.
11:13 of 3rd period - Pierre-Edouard Bellemare is hit by Mikkel Boedker.
11:32 of 3rd period - Icing by Nikita Kucherov.
11:33 of 3rd period - Frans Nielsen wins face-off versus Bo Horvat in SAN DIEGO THUNDER zone.
11:50 of 3rd period - Shot by Frans Nielsen.
11:50 of 3rd period - Stopped by Laurent Brossoit without a rebound.
11:51 of 3rd period - Mikael Granlund wins face-off versus Carl Soderberg in SAN DIEGO THUNDER zone.
11:53 of 3rd period - Icing by Josh Anderson.
11:54 of 3rd period - Carl Soderberg wins face-off versus Mikael Granlund in SAN DIEGO THUNDER zone.
13:19 of 3rd period - Lars Eller is hit by Nikita Kucherov and loses puck.
13:23 of 3rd period - Jonathan Ericsson is hit by Charles McAvoy and loses puck.
13:42 of 3rd period - Shot by Nikita Kucherov.
13:42 of 3rd period - Stopped by Jack Campbell without a rebound.
13:43 of 3rd period - Jason Spezza wins face-off versus Jean-Gabriel Pageau in VICTORIA GLADIATORS zone.
13:43 of 3rd period - Jason Spezza is hit by Jean-Gabriel Pageau.
14:13 of 3rd period - Shot by Jared McCann.
14:13 of 3rd period - Shot Blocked by Dion Phaneuf.
14:25 of 3rd period - Off-side.
14:26 of 3rd period - Bo Horvat wins face-off versus Carl Soderberg in neutral zone.
14:35 of 3rd period - Shot by David Perron.
14:35 of 3rd period - Stopped by Jack Campbell without a rebound.
14:36 of 3rd period - Lars Eller wins face-off versus Bo Horvat in VICTORIA GLADIATORS zone.
14:43 of 3rd period - Alexander Edler is hit by Colin Wilson and loses puck.
15:12 of 3rd period - Shot by Bo Horvat.
15:12 of 3rd period - Stopped by Jack Campbell without a rebound.
15:13 of 3rd period - Mikael Granlund wins face-off versus Zack Smith in VICTORIA GLADIATORS zone.
15:15 of 3rd period - Evander Kane is hit by Ryan Stanton and loses puck.
15:28 of 3rd period - Shot by Evander Kane.
15:28 of 3rd period - Shot Misses the Net.
15:34 of 3rd period - Shot by Evander Kane.
15:34 of 3rd period - Stopped by Jack Campbell without a rebound.
15:35 of 3rd period - Jean-Gabriel Pageau wins face-off versus Frans Nielsen in VICTORIA GLADIATORS zone.
15:53 of 3rd period - Icing by Josh Manson.
15:54 of 3rd period - Jean-Gabriel Pageau wins face-off versus Carl Soderberg in SAN DIEGO THUNDER zone.
16:06 of 3rd period - Nick Foligno is hit by Josh Manson and loses puck.
18:13 of 3rd period - Shot by Bo Horvat.
18:13 of 3rd period - Shot Misses the Net.
18:15 of 3rd period - Shot by David Perron.
18:15 of 3rd period - Shot Blocked by Marcus Foligno.
19:05 of 3rd period - VICTORIA GLADIATORS, Jack Campbell is pulled from the net.
19:07 of 3rd period - Shot by Jason Spezza.
19:07 of 3rd period - Shot Misses the Net.
19:34 of 3rd period - Shot by Carl Soderberg.
19:34 of 3rd period - Shot Misses the Net.
19:36 of 3rd period - Shot by Nick Foligno.
19:36 of 3rd period - Stopped by Laurent Brossoit without a rebound.
19:37 of 3rd period - Carl Soderberg wins face-off versus Pierre-Edouard Bellemare in SAN DIEGO THUNDER zone.
Goals for this period are 2 for SAN DIEGO THUNDER vs 0 for VICTORIA GLADIATORS.
Shots for this period are 7 for SAN DIEGO THUNDER vs 8 for VICTORIA GLADIATORS.


SCOTT
LAUGHTON
IGOR
SHESTERKIN
ALEX
TUCH

EAST COAST

HOCKEY LEAGUE

  • 9.CHI2QUE6
  • 10.LIM2CHA3
  • 11.LON6TRV4
  • 12.BAL3CHW2
  • 13.MANPIT
  • 14.NHWATL
  • 15.PETWOR
  • 16.RHI